 Dungeon Crawl Stone Soup version 0.32-a0-898-g7811c86cf0 (webtiles) character file.

Game seed: 16820389454269132180

4822 jestert79 the Basher (level 10, -3/93 HPs)
             Began as a Mountain Dwarf Fighter on Apr 4, 2024.
             Was a Believer of Beogh.
             Slain by a vampire (8 damage)
             ... on level 8 of the Dungeon on Apr 5, 2024.
             The game lasted 00:21:13 (10710 turns).

jestert79 the Basher (Mountain Dwarf Fighter)      Turns: 10710, Time: 00:21:13

Health: -3/93      AC: 11    Str: 21    XL:     10   Next: 25%
Magic:  10/10      EV:  7    Int: 11    God:    Beogh [**....]
Gold:   578        SH:  4    Dex:  9    Spells: 9/9 levels left

rFire   . . .        e - +1 flail (freeze)
rCold   . . .        c - +0 buckler
rNeg    . . .        E - +0 chain mail
rPois   .            d - +0 helmet
rElec   .            (no cloak)
rCorr   .            q - +0 pair of gloves
SInv    .            (no boots)
Will    +....        (no amulet) Stlth
                     (no ring)
HPRegen 0.35/turn    (no ring)
MPRegen 0.12/turn

%: no passive effects
@: no status effects
A: runic magic, artefact enchanting
a: Renounce Religion, Smiting


You were on level 8 of the Dungeon.
You worshipped Beogh.
Beogh was pleased with you.
You visited 1 branch of the dungeon, and saw 9 of its levels.
You also visited: Sewer.

You collected 578 gold pieces.

Inventory:

Hand Weapons
 e - a +1 flail of freezing (weapon)
 l - a +3 hand axe of venom
 r - the +11 spear of Xahit {flame, rElec MP+9 Str+3 Dex-2}
   (You found it on level 3 of the Dungeon)

   Str+3:     It affects your strength (+3).
   Dex-2:     It affects your dexterity (-2).
   rElec:     It insulates you from electricity.
   MP+9:      It affects your magic capacity (+9).
 F - a +1 heavy flail
Missiles
 w - 5 throwing nets (quivered)
Armour
 c - a +0 buckler (worn)
 d - a +0 helmet (worn)
 q - a +0 pair of gloves (worn)
 E - a +0 chain mail (worn)
Jewellery
 b - a ring of resist corrosion
 s - an amulet of the acrobat
 u - a ring of positive energy
Wands
 n - a wand of flame (36)
 v - a wand of paralysis (5)
 x - a wand of light (18)
 z - a wand of polymorph (4)
Scrolls
 a - a scroll of amnesia
 k - 3 scrolls of fog
 m - a scroll of enchant weapon
 o - 2 scrolls of fear
 p - 2 scrolls of teleportation
 t - a scroll of revelation
 y - a scroll of brand weapon
 B - a scroll of identify
 C - 2 scrolls of vulnerability
Potions
 f - 2 potions of heal wounds
 g - a potion of enlightenment
 h - a potion of lignification
 i - a potion of ambrosia
 j - 5 potions of curing
 A - a potion of magic
 D - a potion of attraction


   Skills:
 + Level 10.2 Fighting
 + Level 13.7 Maces & Flails
 + Level 4.3 Armour
 - Level 5.1 Shields


You had 9 spell levels left.
You didn't know any spells.
Your spell library contained the following spells:

 Spells                   Type           Power      Damage    Failure   Level
 Magic Dart               Conj           0%         1d3       56%         1
 Shock                    Conj/Air       0%         1d3       56%         1
 Blink                    Tloc           0%         N/A       71%         2
 Ensorcelled Hibernation  Hex/Ice        0%         N/A       71%         2
 Lesser Beckoning         Tloc           0%         N/A       71%         2
 Momentum Strike          Conj/Tloc      0%         3d8       71%         2
 Searing Ray              Conj           0%         2d4       71%         2
 Dazzling Flash           Conj/Hex       0%         N/A       90%         3
 Inner Flame              Hex/Fire       0%         N/A       90%         3
 Mephitic Cloud           Conj/Alch/Air  0%         N/A       90%         3
 Passwall                 Erth           0%         N/A       90%         3
 Swiftness                Air            0%         N/A       90%         3
 Airstrike                Air            0%         2d(0-16)  100%        4
 Fulminant Prism          Conj/Alch      0%         3d5       100%        4
 Curse of Agony           Necr           0%         N/A       100%        5
 Irradiate                Conj/Alch      0%         3d11      100%        5
 Silence                  Hex/Air        0%         N/A       100%        5
 Ignition                 Fire           0%         3d3       100%        8


Dungeon Overview and Level Annotations

Branches:
Dungeon (9/15)             Temple (0/1) D:4           Sewer (visited)
   Lair: D:8-11         Orc: D:9-12

Altars:
Kikubaaqudgha
Trog
Uskayaw
Xom
Yredelemnul

Shops:
D:6 [

Annotations:
D:7 1 runed translucent door, Crazy Yiuf


Innate Abilities, Weirdness & Mutations

Your facial features look somewhat orcish.
Your spellcasting is much less encumbered by armour.
You can use scrolls of enchantment on lesser artefacts.


Message History

You hit the vampire.
The vampire is almost destroyed.
You hit the vampire.
The vampire is almost destroyed.
The vampire hits you! The vampire bites you.
The vampire draws strength from your injuries!
You barely miss the vampire.
The vampire is almost destroyed.
The vampire draws life force from you!!
The vampire is healed by the life force!
You hit the vampire.
The vampire is heavily damaged.
The vampire casts a spell.
The vampire flickers and vanishes!
Deactivating autopickup; reactivate with Ctrl-A.
You hit something but do no damage. You closely miss something.
Something hits you. Something bites you!
Something draws strength from your injuries!
You miss something. Something hits you but does no damage.
You block something's attack.
You miss something. Something hits you but does no damage. Something bites you.
Something draws strength from your injuries!
You closely miss something. You barely miss something.
You block something's attack. Something bites you but does no damage.
You closely miss something. Something hits you!
Something bites you but does no damage.
You miss something. Something hits you but does no damage.
Something bites you but does no damage.
You barely miss something. You sock something! You freeze something.
Something hits you. Something bites you.
* * * LOW HITPOINT WARNING * * *
Something draws strength from your injuries!
You hit something. Something draws life force from you!
* * * LOW HITPOINT WARNING * * *
You hit something. Something hits you.
* * * LOW HITPOINT WARNING * * *
Something bites you!
You die...

######.##.###.#
#.###.#..# #.# ##.#.# #.#
###†# #.# #.# #.# #.# #.#
#.# ########## #{# #.#
.........# #@# #.#
########.# #.# #.#
####...#.# #.# #.#
.......#.# #.# #)#
##.......#######.######.#
#................))....#
#..>....################
###...### #...#


There were no monsters in sight!

Vanquished Creatures
  A two-headed ogre (D:8)
  Joseph (D:7)
  Prince Ribbit (D:7)
  Sigmund (D:2)
  A steam dragon (D:8)
  A water moccasin (D:4)
  An orc warrior (D:7)
  2 ice beasts
  A sky beast (D:7)
  An ogre (D:5)
  A phantom (D:7)
  A kobold brigand (D:8)
  7 bullfrogs
  A scorpion (D:5)
  12 wights
  7 howler monkeys
  6 hounds
  4 orc priests
  2 jellies
  A bombardier beetle (D:3)
  2 gnoll boudas
  3 iguanas
  2 sleepcaps (D:7)
  7 orc wizards
  Robin (D:2)
  27 gnolls
  13 adders
  A shadow imp (D:8)
  A white imp (D:6)
  2 ribbon worms (D:4)
  12 dart slugs
  35 orcs
  17 ball pythons
  6 endoplasms
  13 giant cockroaches
  17 goblins
  7 hobgoblins
  14 jackals
  A quokka (D:2)
  12 bats
  9 frilled lizards
  6 kobolds
  7 rats
268 creatures vanquished.

Vanquished Creatures (others)
  An orc priest (D:8)
  A gnoll (D:5)
  6 orcs
8 creatures vanquished.

Grand Total: 276 creatures vanquished

Notes
Turn   | Place    | Note
-------+----------+-------------------------------------------
     0 | D:1      | jestert79 the Mountain Dwarf Fighter began the quest for
                  | the Orb.
     0 | D:1      | Reached XP level 1. HP: 19/19 MP: 1/1
   119 | D:1      | Reached skill level 3 in Maces & Flails
   192 | D:1      | Reached XP level 2. HP: 26/26 MP: 2/2
   725 | D:2      | Reached skill level 4 in Maces & Flails
   762 | D:2      | Noticed Sigmund
   777 | D:1      | Reached XP level 3. HP: 3/31 MP: 3/3
  1168 | D:2      | Reached skill level 5 in Maces & Flails
  1191 | D:2      | Noticed Robin
  1194 | D:2      | Killed Sigmund
  1195 | D:2      | Reached skill level 7 in Maces & Flails
  1195 | D:2      | Reached XP level 4. HP: 23/38 MP: 4/4
  1195 | D:2      | Reached XP level 5. HP: 27/45 MP: 5/5
  1198 | D:2      | Killed Robin
  1512 | D:1      | Reached XP level 6. HP: 21/51 MP: 6/6
  1965 | D:2      | Reached skill level 8 in Maces & Flails
  2616 | D:3      | Found a hide-covered altar of Uskayaw.
  2631 | D:3      | Identified the +11 spear of Xahit {flame, rElec MP+9 Str+3
                  | Dex-2}
  2948 | D:3      | Found a shimmering altar of Xom.
  2948 | D:3      | Found a bloodstained altar of Trog.
  3197 | D:4      | Noticed a water moccasin
  3206 | D:4      | Killed a water moccasin
  3207 | D:4      | Reached skill level 9 in Maces & Flails
  3207 | D:4      | Reached XP level 7. HP: 30/57 MP: 7/7
  3587 | D:4      | Found a glowing drain.
  3591 | Sewer    | Entered a sewer
  4170 | D:4      | Found a staircase to the Ecumenical Temple.
  4904 | D:5      | Entered Level 5 of the Dungeon
  5099 | D:5      | Reached skill level 10 in Maces & Flails
  5193 | D:5      | Reached XP level 8. HP: 67/67 MP: 8/8
  5462 | D:5      | Reached skill level 5 in Fighting
  5492 | D:5      | Reached skill level 5 in Shields
  6056 | D:5      | Became a worshipper of Beogh the Shepherd
  6527 | D:5      | Reached skill level 11 in Maces & Flails
  6765 | D:6      | Reached * piety under Beogh
  6923 | D:6      | Found Inguwan's Armour Boutique.
  7145 | D:6      | Found a basalt altar of Yredelemnul.
  7939 | D:7      | Reached XP level 9. HP: 69/76 MP: 9/9
  8114 | D:7      | Found an ancient bone altar of Kikubaaqudgha.
  8256 | D:7      | Noticed Joseph
  8271 | D:7      | Killed Joseph
  8272 | D:7      | Reached skill level 12 in Maces & Flails
  8354 | D:7      | Noticed Prince Ribbit
  8360 | D:7      | Killed Prince Ribbit
  8453 | D:7      | Found a runed translucent door.
  8454 | D:7      | Noticed Crazy Yiuf
  9057 | D:7      | Reached skill level 13 in Maces & Flails
  9507 | D:8      | Reached ** piety under Beogh
  9738 | D:8      | Reached XP level 10. HP: 51/82 MP: 10/10
  9976 | D:8      | Noticed a two-headed ogre
  9987 | D:8      | Killed a two-headed ogre
  9988 | D:8      | Reached skill level 10 in Fighting
 10710 | D:8      | Slain by a vampire

Illustrated notes

Levels and vault maps discovered:
D:1:      psy_arrival_spokes, layout_loops_ring
D:2:      layout_basic, uniq_sigmund, uniq_robin
D:3:      minmay_razor_zed, layout_basic, amethyst_overflow_temple_binary,
          eat_drink_and_be_merry_uskayaw, minmay_tree_intersection,
          chequers_serial_rivers_small_b
D:4:      layout_basic, minmay_temple_entry_junction,
          mainiacjoe_sewer_entry_somewhere_in_here_2
D:5:      lemuel_castle_with_subvaults [lemuel_castle_interior_carwin_1],
          layout_basic
D:6:      layout_loops_corners, yredelemnul_altar_generic, serial_shops,
          nicolae_shop_stone, roderic_batcave, kennysheep_generic_room_14
D:7:      layout_basic, lemuel_round_altar, uniq_crazy_yiuf_cottage,
          uniq_joseph, uniq_prince_ribbit1
D:8:      layout_loops_ring
D:9:      layout_rooms, enter_bailey_2

Skill      XL: |  1  2  3  4  5  6  7  8  9 10 |
---------------+-------------------------------+-----
Maces & Flails | 3 4 7 9 10 11 13 | 13.7
Fighting       | 4 7 9 10 | 10.2
Shields        | 4 5 |  5.1
Armour         | 4 |  4.3

Action                     |  1- 3 |  4- 6 |  7- 9 | 10-12 || total
---------------------------+-------+-------+-------+-------++-------
  Melee: Flail             |   113 |   180 |   648 |    93 ||  1034
 Invoke: Convert to Beogh  |       |       |     1 |       ||     1
    Use: Potion            |     3 |       |       |     1 ||     4
         Scroll            |       |       |    14 |     1 ||    15
 Armour: Scale mail        |   113 |   112 |   320 |       ||   545
         Skin              |     3 |       |       |       ||     3
         Chain mail        |       |       |    94 |    56 ||   150
  Dodge: Dodged            |    45 |    48 |   192 |    19 ||   304
  Block: Buckler           |    32 |    33 |   124 |    14 ||   203

Table legend: (Time is in decaauts)
 A = Elapsed time spent in this place.
 B = Non-inter-level travel time spent in this place.
 C = Inter-level travel time spent in this place.
 D = Time resting spent in this place.
 E = Time spent auto-exploring this place.
 F = Levels seen in this place.
 G = Mean time per level.
                   A        B        C        D        E       F      G
               +--------+--------+--------+--------+--------+-----+--------+
         Total |  10725 |  10291 |    434 |   1415 |   6008 |  10 | 1072.5 |
       Dungeon |  10149 |   9715 |    434 |   1312 |   6008 |   9 | 1127.7 |
         Sewer |    575 |    575 |      0 |    103 |      0 |   1 |  575.0 |
               +--------+--------+--------+--------+--------+-----+--------+

Top non-repeatable levels by time:
     D:5: 1819 daAuts
     D:7: 1624 daAuts
     D:8: 1379 daAuts
     D:4: 1280 daAuts
     D:3: 1132 daAuts
     D:2: 1054 daAuts
     D:1: 954 daAuts
     D:6: 898 daAuts
   Sewer: 575 daAuts
     D:9: 4 daAuts
